 Dungeon Crawl Stone Soup version 0.29.1-1-gd02db69 (webtiles) character file.

Game seed: 8568033251833450432

850 Kel the Cleaver (level 8, -6/69 HPs)
             Began as a Gargoyle Berserker on Nov 25, 2022.
             Was a Believer of Trog.
             Mangled by an iguana (9 damage)
             ... on level 5 of the Dungeon.
             The game lasted 00:05:23 (4115 turns).

Kel the Cleaver (Gargoyle Berserker)                Turns: 4115, Time: 00:05:24

Health: -6/69      AC: 14    Str: 22    XL:     8   Next: 1%
Magic:  8/8        EV:  6    Int:  9    God:    Trog [**....]
Gold:   200        SH:  6    Dex:  9    Spells: 7/7 levels left

rFire   . . .      SeeInvis .   j - +0 war axe
rCold   . . .      Faith    .   m - +0 kite shield
rNeg    + . .      Spirit   .   s - +0 chain mail
rPois   ∞          Reflect  .   (no helmet)
rElec   +          Harm     .   (no cloak)
rCorr   .          Rampage  .   (no gloves)
Will    .....                   (no boots)
Stlth   ..........              (no amulet)
HPRegen 0.21/turn               (no ring)
MPRegen 0.11/turn               (no ring)

@: berserking (expiring), slow
A: sickness immunity, AC +5, negative energy resistance 1, electricity
resistance, torment resistance 1, petrification resistance
a: Renounce Religion, Berserk, Trog's Hand


You were on level 5 of the Dungeon.
You worshipped Trog.
Trog was pleased with you.
You visited 1 branch of the dungeon, and saw 5 of its levels.

You collected 200 gold pieces.

Inventory:

Hand Weapons
 j - a +0 war axe (weapon)
Armour
 m - a +0 kite shield (worn)
 s - a +0 chain mail (worn)
Wands
 c - a wand of digging (6)
 i - a wand of flame (18)
Scrolls
 a - a scroll of teleportation {unknown}
 b - 8 scrolls of identify {unknown}
 f - a scroll of enchant armour {unknown}
 l - a scroll of magic mapping {unknown}
 n - a scroll of fog {unknown}
 o - a scroll of amnesia {unknown}
 p - 2 scrolls of vulnerability {unknown}
 q - a scroll of noise {unknown}
 r - a scroll of immolation {unknown}
Potions
 d - 2 potions of haste
 e - a potion of cancellation {unknown}
 g - 2 potions of degeneration {unknown}
 h - a potion of mutation {unknown}
 k - a potion of attraction {unknown}


   Skills:
 - Level 3.2 Fighting
 + Level 8.5 Axes
 - Level 2.1 Armour
 - Level 1.5 Dodging


You had 7 spell levels left.
You didn't know any spells.
Your spell library was empty.

Dungeon Overview and Level Annotations

Branches:
Dungeon (5/15)
 Temple: D:4-7

Altars:

Shops:
D:3 *[[((

Annotations:
D:5 Menkaure


Innate Abilities, Weirdness & Mutations

You are immune to sickness and miasma.
Your stone body is resilient. (AC +5)
You are immune to poison.
You resist negative energy. (rN+)
You are resistant to electric shocks. (rElec)
You are resistant to unholy torment.
You are immune to petrification.


Message History

Trog accepts your kill.
You closely miss the iguana.
A nearby plant withers and dies.
The phantom hits you but does no damage.
You block the iguana's attack.
Your unstable footing causes you to fumble your attack.
The necrophage hits you but does no damage.
The phantom hits you but does no damage.
Menkaure calls on the powers of darkness!
The iguana convulses!
Your body is wracked with pain!
* * * LOW HITPOINT WARNING * * *
You block the iguana's attack.
Your unstable footing causes you to fumble your attack.
The necrophage hits you but does no damage.
The phantom hits you.
* * * LOW HITPOINT WARNING * * *
The iguana bites you.
* * * LOW HITPOINT WARNING * * *
You closely miss the phantom.
The phantom is severely damaged.
You hit the iguana but do no damage. You hit the necrophage.
The necrophage hits you.
* * * LOW HITPOINT WARNING * * *
The phantom barely misses you.
The iguana bites you but does no damage.
Your unstable footing causes you to fumble your attack.
The necrophage hits you but does no damage.
You block the phantom's attack.
You slash the phantom!
The phantom is almost destroyed.
You slash the necrophage!
You destroy the necrophage!
Trog accepts your kill.
You closely miss the iguana.
The iguana bites you but does no damage.
The phantom completely misses you.
You have reached level 8!
You feel clever.
Your unstable footing causes you to fumble your attack.
The iguana bites you!
You die...

......... .... .#
#####...# ....###.#
#...# #......# #...#
#...... #...# #.....
##...# #....########
#....#
#....)...♣..###.#...#
#..@W.~~~....#.#.<.#
#...l~.~~~~P.# #...#
#.~.~~≈~~~.~P##...##
#P.~P≈≈≈≈♣~~.###.###
#...~~♣M~♣~~..##....
#..~~.~~~~~§†)...###
##.#♣....#?#.##.[##
## ###..#........#
#.##........##


You could see a phantom, Menkaure (fast) and an iguana.

Vanquished Creatures
  A black bear (D:5)
  An ogre (D:5)
  2 phantoms (D:4)
  A necrophage (D:5)
  3 scorpions
  3 hounds
  Terence (D:3)
  3 iguanas
  2 adders
  3 worms (D:2)
  2 dart slugs
  10 orcs
  5 ball pythons (D:4)
  6 endoplasms
  2 giant cockroaches (D:1)
  2 goblins
  5 hobgoblins
  5 kobolds
  6 quokkas
  2 frilled lizards
  6 rats
71 creatures vanquished.

Vanquished Creatures (others)
  19 plants (D:5)
19 creatures vanquished.

Grand Total: 90 creatures vanquished

Notes
Turn   | Place    | Note
-------+----------+-------------------------------------------
     0 | D:1      | Kel the Gargoyle Berserker began the quest for the Orb.
     0 | D:1      | Reached XP level 1. HP: 14/14 MP: 1/1
   187 | D:1      | Reached skill level 3 in Axes
   380 | D:1      | Reached XP level 2. HP: 19/19 MP: 2/2
   518 | D:1      | Found a faded altar of an unknown god.
   784 | D:2      | Reached XP level 3. HP: 9/23 MP: 3/3
  1269 | D:2      | Reached skill level 4 in Axes
  1520 | D:3      | Found Huerphask's General Store.
  1520 | D:3      | Found Japrutzu's Weapon Boutique.
  1527 | D:3      | Reached ** piety under Trog
  1536 | D:3      | Found Cojywe's Antique Armour Boutique.
  1542 | D:3      | Found Waduinlo's Antique Armour Boutique.
  1615 | D:3      | Found Diplaxak's Antique Weapon Boutique.
  1659 | D:3      | Noticed Terence
  1667 | D:3      | Killed Terence
  1668 | D:3      | Reached XP level 4. HP: 25/28 MP: 4/4
  1990 | D:3      | Reached skill level 5 in Axes
  1990 | D:3      | Reached XP level 5. HP: 23/32 MP: 5/5
  2452 | D:4      | Noticed a phantom
  2465 | D:4      | Killed a phantom
  2470 | D:4      | Reached XP level 6. HP: 33/37 MP: 6/6
  2487 | D:4      | Reached skill level 6 in Axes
  3226 | D:5      | Entered Level 5 of the Dungeon
  3402 | D:5      | Reached skill level 7 in Axes
  3402 | D:5      | Reached XP level 7. HP: 32/41 MP: 7/7
  4082 | D:5      | Noticed Menkaure
  4090 | D:5      | Reached skill level 8 in Axes
  4112 | D:5      | HP: 2/61 [necrophage (2)]
  4115 | D:5      | Reached XP level 8. HP: 3/46 MP: 8/8
  4115 | D:5      | Mangled by an iguana

Illustrated notes

Levels and vault maps discovered:
D:1:      heliophobic_arrival_henge, layout_rooms,
          chequers_ecumenical_altar_twisty, nicolae_titane
D:2:      minmay_recursive_quarters, layout_basic
D:3:      layout_rooms, serial_shops, shop, shop, shop, shop, shop, uniq_terence
D:4:      layout_basic
D:5:      layout_loops_cross, nemelex_spade_bored_becter, serial_bayou,
          serial_bayou_pond_c, serial_bayou_ford_a, serial_bayou_pond_c,
          serial_bayou_pond_b, serial_bayou_lagoon_a, minmay_crossroads,
          uniq_menkaure

Skill      XL: |  1  2  3  4  5  6  7 |
---------------+----------------------+-----
Axes           | 3 4 5 7 8 |  8.5
Fighting       | |  3.2
Armour         | |  2.1
Dodging        | |  1.5

Action                   |  1- 3 |  4- 6 |  7- 9 || total
-------------------------+-------+-------+-------++-------
Melee: Hand axe          |   101 |     2 |       ||   103
       Punch             |     1 |       |       ||     1
       War axe           |       |   113 |    60 ||   173
Invok: Berserk           |     1 |     1 |     1 ||     3
Armor: Ring mail         |    28 |    54 |     6 ||    88
       Animal skin       |     2 |       |       ||     2
       Chain mail        |       |       |    40 ||    40
Dodge: Dodged            |    55 |    62 |    29 ||   146
Block: Kite shield       |       |    34 |    38 ||    72
